[Event "Titled Tuesday Blitz June 20 Early 2023"]
[White "Nikulina, Alena"]
[Black "Slovineanu, Viacheslav"]
[WhiteFideId "4172051"]
[BlackFideId "13900510"]
[WhiteElo "1608"]
[BlackElo "2312"]
[Result "1-0"]
[Round "7"]
[TimeControl "180+2"]
[Date "2023.06.20"]
[WhiteClock "0:00:12"]
[BlackClock "0:00:00"]
[Board "180"]

1. e4 c6 2. Nc3 d5 3. Qe2 dxe4 4. Nxe4 Bf5 5. g3 e6 6. Bg2 Nd7 7. d3 Ngf6 8. Nf3 Bxe4 9. dxe4 Qc7 10. O-O e5 11. b3 Bc5 12. Bb2 O-O 13. Rad1 Rfe8 14. Nd2 a5 15. a4 Rab8 16. c4 Bb4 17. Kh1 Nc5 18. Qe3 Rbd8 19. Bc3 Rd3 20. Bxb4 Rxe3 21. Bxc5 Rd3 22. Nf3 Red8 23. Rde1 Rxb3 24. Be3 Nxe4 25. h3 f5 26. Nh4 g6 27. Bxe4 fxe4 28. Bg5 Rd4 29. Re2 b5 30. cxb5 cxb5 31. axb5 a4 32. Rfe1 a3 33. Ng2 a2 34. Rxa2 e3 35. Nxe3 Rxe3 36. Bxe3 Rb4 37. Rae2 Rxb5 38. Kg1 Qb7 39. Bh6 Rb1 40. Rxe5 Rxe1+ 41. Rxe1 Kf7 42. Be3 Qf3 43. Kf1 h5 44. h4 Ke7 45. Rc1 Ke6 46. Kg1 Kf5 47. Kf1 Kg4 48. Ke1 Kh3 49. Kd2 Kg2 50. Re1 Qd5+ 51. Ke2 Qc4+ 52. Kd2 1-0


[Site "https://www.chess.com"]

[Event "Titled Tuesday Blitz June 20 Early 2023"]
[White "Winkels, Marcel"]
[Black "Georg, Heinz"]
[WhiteFideId "1003887"]
[BlackFideId "4607295"]
[WhiteElo "1900"]
[BlackElo "2277"]
[Result "1/2-1/2"]
[Round "7"]
[TimeControl "180+2"]
[Date "2023.06.20"]
[WhiteClock "0:00:37"]
[BlackClock "0:00:02"]
[Board "181"]

1. e4 e5 2. Nf3 Nc6 3. Bb5 f5 4. d4 fxe4 5. Nxe5 Nxe5 6. dxe5 c6 7. Nc3 cxb5 8. Nxe4 d5 9. exd6 Nf6 10. Qd4 Nxe4 11. Qxe4+ Kf7 12. Bf4 Qe8 13. Be5 Bxd6 14. Qd5+ Qe6 15. Qxd6 Qxd6 16. Bxd6 Re8+ 17. Kf1 Bf5 18. Rc1 Rac8 19. f3 Bd3+ 20. Kf2 Re2+ 21. Kg3 Rcxc2 22. Rxc2 Bxc2 23. Rc1 Ke6 24. Bf4 Kd5 25. Bb8 a6 26. Ba7 Kc4 27. h4 b4 28. Bf2 b5 29. Re1 Rxe1 30. Bxe1 Bb1 31. a3 a5 32. axb4 axb4 33. Bd2 Kb3 34. Kf4 Bc2 35. g4 Bd1 36. g5 g6 37. Ke3 Kxb2 38. Bxb4 Kb3 39. Be7 Kc4 40. f4 Bc2 41. Bf6 b4 42. Kd2 Kb3 43. Kc1 Bf5 44. Bc3 Kc4 45. Bb2 Kd3 46. Be5 Ke4 47. Kb2 Be6 48. Bd6 Kf5 49. Be5 Kg4 50. Bd6 Kxh4 51. Be5 Kh5 52. Bd6 h6 53. gxh6 Kxh6 54. Bf8+ Kh5 55. Bxb4 g5 56. fxg5 Kxg5 1/2-1/2


[Site "https://www.chess.com"]

[Event "Titled Tuesday Blitz June 20 Early 2023"]
[White "Rodriguez Santiago, Jaime"]
[Black "Alberto, Manuel"]
[WhiteFideId "3100898"]
[BlackFideId "10100148"]
[WhiteElo "2025"]
[BlackElo "2166"]
[Result "1/2-1/2"]
[Round "7"]
[TimeControl "180+2"]
[Date "2023.06.20"]
[WhiteClock "0:00:48"]
[BlackClock "0:00:49"]
[Board "182"]

1. c4 Nf6 2. Nc3 c5 3. g3 d6 4. Bg2 g6 5. e4 Bg7 6. Nge2 Nc6 7. O-O O-O 8. d3 a6 9. h3 Rb8 10. a4 Nd4 11. Rb1 Bd7 12. b4 Nxe2+ 13. Nxe2 cxb4 14. Rxb4 Qa5 15. Bd2 Qc7 16. Qb3 Bc6 17. Be3 Nd7 18. d4 b6 19. d5 Ba8 20. Qa2 Nc5 21. Rfb1 e6 22. Nd4 exd5 23. exd5 Rfe8 24. Nc6 Bxc6 25. dxc6 h5 26. Bd5 h4 27. Bf4 hxg3 28. Bxg3 Be5 29. Qd2 Bxg3 30. fxg3 Kg7 31. Rf1 Re7 32. Qd4+ Kg8 33. Rbb1 Rbe8 34. Rf4 Ne6 35. Bxe6 Rxe6 36. Rh4 Re5 37. Rxb6 Re1+ 38. Kf2 R8e2+ 39. Kf3 Re3+ 40. Kf2 R3e2+ 41. Kf3 Re3+ 42. Kf2 R3e2+ 1/2-1/2


[Site "https://www.chess.com"]

[Event "Titled Tuesday Blitz June 20 Early 2023"]
[White "Kiseleva, Arina"]
[Black "Porat, Tori"]
[WhiteFideId "4164989"]
[BlackFideId "30982626"]
[WhiteElo "1701"]
[BlackElo "1752"]
[Result "1-0"]
[Round "7"]
[TimeControl "180+2"]
[Date "2023.06.20"]
[WhiteClock "0:00:11"]
[BlackClock "0:00:00"]
[Board "183"]

1. d4 d5 2. Nf3 Nf6 3. e3 c5 4. Bd3 e6 5. O-O Nc6 6. b3 cxd4 7. exd4 Bd6 8. Bb2 O-O 9. Nbd2 a6 10. Ne5 Qc7 11. Re1 b5 12. a3 Nd7 13. f4 f6 14. Nxc6 Qxc6 15. Rxe6 Ne5 16. Rxd6 Qxd6 17. dxe5 fxe5 18. Bxe5 Qc5+ 19. Kh1 Be6 20. Qh5 h6 21. Qg6 Ra7 22. Qxe6+ Kh8 23. Qxh6+ Kg8 24. Qh7+ Kf7 25. Qxg7+ Ke8 26. Qg6+ Kd8 27. Bd6 Qc3 28. Re1 Qxd2 29. Rf1 Re8 30. Bf5 Qd4 31. Qg5+ Rae7 32. Bxe7+ Rxe7 33. Re1 Qc5 34. b4 Qd6 35. Qxe7+ Qxe7 36. Rxe7 Kxe7 37. Bd3 Ke6 38. Kg1 Kf6 39. Kf2 d4 40. Kf3 Ke6 41. Ke4 1-0


[Site "https://www.chess.com"]

[Event "Titled Tuesday Blitz June 20 Early 2023"]
[White "luachess1"]
[Black "Calderin Gonzalez, Roberto"]
[BlackFideId "5102979"]
[WhiteElo "1616"]
[BlackElo "2194"]
[Result "1-0"]
[Round "7"]
[TimeControl "180+2"]
[Date "2023.06.20"]
[WhiteClock "0:00:11"]
[BlackClock "0:00:00"]
[Board "185"]

1. d4 d5 2. c4 e6 3. Nc3 Nf6 4. Nf3 Bb4 5. Bg5 Be7 6. e3 O-O 7. Bd3 h6 8. Bh4 Nbd7 9. O-O b6 10. h3 Bb7 11. Bg3 c5 12. cxd5 exd5 13. Rc1 Ne4 14. Bh2 f5 15. Nb5 a6 16. Nc3 Ndf6 17. Ne5 Bd6 18. Bxe4 fxe4 19. Ne2 Nd7 20. Nxd7 Qxd7 21. Nf4 Rac8 22. Qb3 Bxf4 23. Bxf4 Qc6 24. dxc5 bxc5 25. Qc3 d4 26. Qd2 Qd5 27. Rfd1 d3 28. Qa5 Rc6 29. a3 Rcf6 30. Bg3 Qf5 31. Rxc5 Qe6 32. Qb4 Qf7 33. Rc7 Qg6 34. Qxb7 Kh8 35. Bf4 Rxf4 36. exf4 Rxf4 37. Rc8+ Kh7 38. Qd5 1-0


[Site "https://www.chess.com"]

[Event "Titled Tuesday Blitz June 20 Early 2023"]
[White "Modric, Nesa"]
[Black "Saim, Mohamed Ilias"]
[WhiteFideId "922579"]
[BlackFideId "7900465"]
[WhiteElo "2167"]
[BlackElo "2063"]
[Result "0-1"]
[Round "7"]
[TimeControl "180+2"]
[Date "2023.06.20"]
[WhiteClock "0:00:04"]
[BlackClock "0:00:19"]
[Board "186"]

1. e4 c6 2. d4 d5 3. e5 Bf5 4. Nf3 e6 5. Be2 c5 6. O-O cxd4 7. Nxd4 Ne7 8. c4 Nbc6 9. Nxf5 Nxf5 10. cxd5 Qxd5 11. Qxd5 exd5 12. Nc3 O-O-O 13. Bg4 g6 14. Bg5 Rd7 15. Rfe1 Bb4 16. a3 Bxc3 17. bxc3 Re8 18. f4 Kb8 19. Rad1 h5 20. Bf3 d4 21. Bxc6 bxc6 22. cxd4 Rxd4 23. Rxd4 Nxd4 24. Rb1+ Kc7 25. h3 Rb8 26. Rxb8 Kxb8 27. g4 Kc7 28. Kf2 Kb6 29. Ke3 c5 30. Bf6 Nc2+ 31. Kd3 Nxa3 32. gxh5 gxh5 33. f5 Kc6 34. e6 fxe6 35. Be7 exf5 36. Bg5 Kd5 37. Bf4 c4+ 38. Kc3 Nb5+ 39. Kb4 Nd4 40. Be3 Nc2+ 0-1


[Site "https://www.chess.com"]

[Event "Titled Tuesday Blitz June 20 Early 2023"]
[White "Dzhaparov, Medet"]
[Black "Floresvillar Gonzalez, Luis Migu"]
[WhiteFideId "13803689"]
[BlackFideId "5100542"]
[WhiteElo "1690"]
[BlackElo "2040"]
[Result "0-1"]
[Round "7"]
[TimeControl "180+2"]
[Date "2023.06.20"]
[WhiteClock "0:00:10"]
[BlackClock "0:00:20"]
[Board "187"]

1. e4 c6 2. d4 d5 3. exd5 cxd5 4. c4 Nf6 5. Nf3 e6 6. Nc3 Bb4 7. Bd2 O-O 8. Be2 dxc4 9. Bxc4 Nc6 10. Be3 a6 11. O-O b5 12. Bb3 Bb7 13. Bc2 Rc8 14. a3 Be7 15. Re1 Nd5 16. Qd2 Nxc3 17. bxc3 Re8 18. Bb3 Na5 19. Ba2 Bxf3 20. gxf3 Nc4 21. Bxc4 Rxc4 22. Kh1 Qd5 23. Qe2 Rxc3 24. Rg1 Bf6 25. Rad1 Rec8 26. Rg3 Rxa3 27. Qb2 Rac3 28. Ra1 Bxd4 29. Bxd4 Qxd4 30. Rag1 g6 31. Qa2 R3c6 32. Qa5 Qd5 33. Qb4 Rc4 34. Qb3 Rc1 35. Qe3 Rxg1+ 36. Rxg1 a5 37. Kg2 a4 38. Rc1 Rxc1 39. Qxc1 h5 40. Qc8+ Kg7 41. Qc3+ e5 42. Qb4 h4 43. Qxh4 a3 44. Qb4 a2 45. Qb2 b4 46. Qa1 b3 47. Qb2 Qd4 48. Qxb3 a1=Q 49. Qc2 Qac3 50. Qe2 Qf4 51. h3 Qc6 52. Qe3 Qxe3 53. fxe3 Qc2+ 54. Kg3 Qe2 55. e4 Qe3 56. h4 Qf4+ 57. Kh3 Qxf3+ 58. Kh2 Qxe4 59. Kg3 Qf4+ 60. Kh3 Qf3+ 61. Kh2 Qg4 62. h5 Qxh5+ 63. Kg2 e4 64. Kf2 Qf3+ 65. Ke1 Qg2 66. Kd1 Kf6 67. Ke1 Ke5 68. Kd1 Kd4 69. Ke1 Kd3 70. Kd1 Qd2# 0-1


[Site "https://www.chess.com"]

[Event "Titled Tuesday Blitz June 20 Early 2023"]
[White "campochess"]
[Black "profedechess93"]
[WhiteElo "2166"]
[BlackElo "2554"]
[Result "0-1"]
[Round "7"]
[TimeControl "180+2"]
[Date "2023.06.20"]
[WhiteClock "0:00:02"]
[BlackClock "0:00:34"]
[Board "188"]

1. Nf3 d5 2. c4 c6 3. cxd5 cxd5 4. g3 Nf6 5. Bg2 Nc6 6. O-O e5 7. d3 h6 8. Nc3 Be7 9. b3 O-O 10. Bb2 Bg4 11. h3 Be6 12. Rc1 Qd7 13. e4 d4 14. Ne2 Bxh3 15. Rxc6 Bxg2 16. Kxg2 Qxc6 17. Nxe5 Qa6 18. a4 Rad8 19. Nxd4 Bd6 20. Nc4 Bc5 21. Nf5 Kh7 22. Qc2 Ng4 23. d4 Bb4 24. e5 Qg6 25. Qe4 h5 26. Rh1 Nh6 27. g4 Nxg4 28. Ng3 Qxe4+ 29. Nxe4 g6 30. Ned6 Bxd6 31. Nxd6 Rd7 32. Rc1 Nh6 33. Ba3 Rfd8 34. a5 Nf5 35. Nxf5 gxf5 36. Bc5 Rc8 37. Rh1 Kg6 38. Kf3 Rc6 39. b4 b6 40. a6 bxc5 41. dxc5 Rxa6 42. Rb1 Ra3+ 43. Kg2 Rd4 44. b5 Rg4+ 45. Kf1 Rc4 46. c6 Rac3 47. b6 Rc1+ 48. Rxc1 Rxc1+ 49. Ke2 axb6 50. c7 Rxc7 0-1


[Site "https://www.chess.com"]

[Event "Titled Tuesday Blitz June 20 Early 2023"]
[White "Osinovsky, Stepan"]
[Black "zano2023"]
[WhiteFideId "4157354"]
[WhiteElo "2222"]
[BlackElo "2158"]
[Result "1-0"]
[Round "7"]
[TimeControl "180+2"]
[Date "2023.06.20"]
[WhiteClock "0:00:09"]
[BlackClock "0:00:00"]
[Board "189"]

1. Nf3 d6 2. g3 e5 3. Bg2 Nf6 4. O-O Be7 5. d4 Nbd7 6. dxe5 dxe5 7. Nbd2 O-O 8. Nc4 e4 9. Ng5 Nc5 10. a4 h6 11. Nh3 Be6 12. Na5 Qc8 13. Nf4 Rd8 14. Qe1 Bd7 15. b4 Nxa4 16. c4 g5 17. Nd5 Nxd5 18. cxd5 Bf6 19. Ra3 Re8 20. f3 Bd4+ 21. Kh1 exf3 22. Bxf3 Nb6 23. Bh5 Rf8 24. e4 Bh3 25. Raf3 Bxf1 26. Qxf1 Qe8 27. Qd3 Be5 28. Nxb7 Kg7 29. Na5 Qa4 30. Nc6 f6 31. Rf1 Nd7 32. Qf3 f5 33. exf5 Nf6 34. h4 g4 35. Bxg4 Bd6 36. Bh3 Rae8 37. g4 Qc2 38. g5 hxg5 39. hxg5 Ne4 40. f6+ Kf7 41. Be6+ Kg6 42. Qf5+ Kh5 43. Qh3+ 1-0


[Site "https://www.chess.com"]

[Event "Titled Tuesday Blitz June 20 Early 2023"]
[White "Rodrigues Mota, Romulo Cardoso S"]
[Black "Milovic, Aleksandra"]
[WhiteFideId "2187442"]
[BlackFideId "933988"]
[WhiteElo "2001"]
[BlackElo "2000"]
[Result "1-0"]
[Round "7"]
[TimeControl "180+2"]
[Date "2023.06.20"]
[WhiteClock "0:00:54"]
[BlackClock "0:01:08"]
[Board "190"]

1. e4 c5 2. Nf3 d6 3. d4 cxd4 4. Nxd4 Nf6 5. Nc3 a6 6. f3 e5 7. Nb3 Be6 8. Be3 Be7 9. Qd2 O-O 10. O-O-O b5 11. g4 Qc7 12. h4 Rc8 13. g5 Nh5 14. Bh3 Bxh3 15. Rxh3 Nf4 16. Bxf4 exf4 17. Nd5 Qd7 18. Nxe7+ Qxe7 19. Qxd6 Qe8 20. Qxf4 Qe6 21. Rh2 a5 22. Kb1 a4 23. Nd4 Qc4 24. Nf5 Qb4 25. Qd6 Qxd6 26. Rxd6 Na6 27. Ne7+ Kf8 28. Nxc8 Rxc8 29. Rxa6 Rd8 30. Kc1 Rd4 31. Rd2 Rc4 32. Ra7 Ke8 33. Rdd7 Rc8 34. Re7+ Kf8 35. Rxf7+ Kg8 36. Rxg7+ Kh8 37. Rxh7+ Kg8 38. Rag7+ Kf8 39. Rh8+ Kxg7 40. Rxc8 Kg6 41. Rh8 Kg7 42. Rh6 Kf7 43. c4 bxc4 44. Kc2 Kg7 45. Kc3 a3 46. Kxc4 axb2 47. Rb6 b1=Q 48. Rxb1 Kg6 49. Rb6+ Kh5 50. Rh6# 1-0


[Site "https://www.chess.com"]

[Event "Titled Tuesday Blitz June 20 Early 2023"]
[White "Vachier-Lagrave, Maxime"]
[Black "Carlsen, Magnus"]
[WhiteFideId "623539"]
[BlackFideId "1503014"]
[WhiteElo "2739"]
[BlackElo "2858"]
[Result "1-0"]
[Round "8"]
[TimeControl "180+2"]
[Date "2023.06.20"]
[WhiteClock "0:00:16"]
[BlackClock "0:00:00"]
[Board "1"]

1. e4 e6 2. d4 d5 3. exd5 exd5 4. Nf3 Nf6 5. Bd3 c5 6. Qe2+ Be7 7. dxc5 O-O 8. O-O Bxc5 9. Bg5 h6 10. Bh4 Nc6 11. Nc3 Be6 12. h3 Re8 13. Qd2 d4 14. Bxf6 Qxf6 15. Ne4 Qe7 16. Nxc5 Qxc5 17. Rfe1 Bf5 18. b4 Qd5 19. b5 Bxd3 20. Qxd3 Ne5 21. Nxe5 Rxe5 22. Rxe5 Qxe5 23. Rd1 Rc8 24. a4 Qc7 25. Qxd4 Qxc2 26. Re1 a6 27. Qd7 axb5 28. axb5 b6 29. Kh2 Rf8 30. Re8 Qc5 31. Rxf8+ Qxf8 32. Qc7 Qe8 33. Qxb6 Qe5+ 34. g3 Qf5 35. h4 g5 36. hxg5 hxg5 37. Kg2 Qe4+ 38. Kf1 Qd3+ 39. Ke1 Qc3+ 40. Ke2 Qc4+ 41. Ke3 Qc3+ 42. Ke4 Qc4+ 43. Ke5 g4 44. Kd6 Qd3+ 45. Kc7 Kg7 46. Qc5 Qe4 47. b6 1-0


[Site "https://www.chess.com"]

[Event "Titled Tuesday Blitz June 20 Early 2023"]
[White "Andreikin, Dmitry"]
[Black "Martinez Alcantara, Jose Eduardo"]
[WhiteFideId "4158814"]
[BlackFideId "3805662"]
[WhiteElo "2736"]
[BlackElo "2711"]
[Result "1/2-1/2"]
[Round "8"]
[TimeControl "180+2"]
[Date "2023.06.20"]
[WhiteClock "0:00:38"]
[BlackClock "0:01:13"]
[Board "2"]

1. e4 c5 2. Nc3 a6 3. Nf3 d6 4. d4 cxd4 5. Nxd4 e6 6. a4 b6 7. f4 Bb7 8. f5 e5 9. Nf3 Nf6 10. Bg5 Nbd7 11. Bc4 Qc7 12. Qe2 Be7 13. O-O O-O 14. Bb3 Rac8 15. Rad1 h6 16. Bxf6 Nxf6 17. Kh1 b5 18. axb5 axb5 19. Nxb5 Qb6 20. Nd2 d5 21. exd5 Nxd5 22. Bxd5 Bxd5 23. c4 Bxc4 24. Nxc4 Qxb5 25. Qxe5 Qb4 26. Nd6 Bf6 27. Qe4 1/2-1/2


[Site "https://www.chess.com"]

[Event "Titled Tuesday Blitz June 20 Early 2023"]
[White "Grischuk, Alexander"]
[Black "Svane, Rasmus"]
[WhiteFideId "4126025"]
[BlackFideId "4657101"]
[WhiteElo "2721"]
[BlackElo "2601"]
[Result "1-0"]
[Round "8"]
[TimeControl "180+2"]
[Date "2023.06.20"]
[WhiteClock "0:00:51"]
[BlackClock "0:00:22"]
[Board "4"]

1. d4 Nf6 2. Nf3 d5 3. Bg5 Ne4 4. Bh4 c5 5. e3 Qb6 6. Nc3 Qa5 7. Bb5+ Bd7 8. Bxd7+ Nxd7 9. O-O Nxc3 10. bxc3 e6 11. c4 cxd4 12. Qxd4 dxc4 13. Rfd1 Qc7 14. Rab1 Rc8 15. Qxa7 b6 16. Qa4 Be7 17. Ne5 Rd8 18. Bxe7 Kxe7 19. Nc6+ Kf6 20. Qxc4 g5 21. Qd4+ Kg6 22. Nxd8 Rxd8 23. Qd6 Qxd6 24. Rxd6 Kf6 25. Rbd1 Ke7 26. c4 1-0


[Site "https://www.chess.com"]

[Event "Titled Tuesday Blitz June 20 Early 2023"]
[White "Gurel, Ediz"]
[Black "Bluebaum, Matthias"]
[WhiteFideId "44507356"]
[BlackFideId "24651516"]
[WhiteElo "2352"]
[BlackElo "2639"]
[Result "1-0"]
[Round "8"]
[TimeControl "180+2"]
[Date "2023.06.20"]
[WhiteClock "0:00:12"]
[BlackClock "0:00:05"]
[Board "5"]

1. e4 e6 2. d4 d5 3. Nd2 c5 4. exd5 Qxd5 5. Ngf3 cxd4 6. Bc4 Qd6 7. O-O Nf6 8. Nb3 Nc6 9. Nbxd4 Nxd4 10. Nxd4 Be7 11. Re1 O-O 12. c3 Qc7 13. Bb3 b6 14. Qf3 Bb7 15. Qh3 Kh8 16. Bg5 Nd5 17. Bc2 g6 18. Bh6 Rg8 19. Be4 Bf6 20. Rad1 Bg7 21. Bxg7+ Rxg7 22. Qf3 Rb8 23. Bxd5 Bxd5 24. Qf6 Qd8 25. Qe5 f6 26. Qg3 Rd7 27. h4 e5 28. Nc2 Qc7 29. Ne3 Be6 30. h5 gxh5 31. Qh4 Rf8 32. Qxh5 Rg7 33. Qh6 Qf7 34. Rd6 Rg6 35. Qh4 Rfg8 36. Red1 Bc8 37. Rd8 Rxd8 38. Rxd8+ Rg8 39. Rxg8+ Kxg8 40. Qg3+ Qg6 41. Qf3 Qf7 42. Nd5 Kg7 43. c4 Be6 44. b3 Bxd5 45. cxd5 Qd7 46. Qe4 Qc7 47. g3 Qc1+ 48. Kg2 Qd2 49. Qg4+ Kf7 50. Qe6+ Kg6 51. d6 e4 52. Qxe4+ f5 53. Qe6+ Kg7 54. d7 f4 55. Qe7+ Kg6 56. d8=Q f3+ 57. Kxf3 Qxf2+ 58. Kxf2 Kf5 59. Qf6+ Ke4 60. Qdd4# 1-0


[Site "https://www.chess.com"]

[Event "Titled Tuesday Blitz June 20 Early 2023"]
[White "Paravyan, David"]
[Black "Makhnev, Denis"]
[WhiteFideId "4194985"]
[BlackFideId "13707647"]
[WhiteElo "2563"]
[BlackElo "2515"]
[Result "1/2-1/2"]
[Round "8"]
[TimeControl "180+2"]
[Date "2023.06.20"]
[WhiteClock "0:00:23"]
[BlackClock "0:00:39"]
[Board "6"]

1. e4 e5 2. Nf3 Nc6 3. Nc3 Nf6 4. d4 exd4 5. Nxd4 Bb4 6. Nxc6 bxc6 7. Bd3 d5 8. exd5 cxd5 9. O-O O-O 10. h3 Rb8 11. Be3 Be7 12. b3 c5 13. Bf4 Bd6 14. Qd2 Bb7 15. Rfe1 d4 16. Ne4 Bxe4 17. Bxe4 Qc7 18. Bxd6 Qxd6 19. Bd3 Rfe8 20. Rxe8+ Rxe8 21. Re1 Rxe1+ 22. Qxe1 g6 23. Qa5 Qb6 24. Qd2 Qc7 25. c3 Qe5 26. cxd4 Qxd4 27. Qe2 Kg7 28. g3 h5 29. h4 Ng4 30. Kg2 Nxf2 31. Qxf2 Qxd3 32. Qxc5 Qe2+ 33. Qf2 Qe4+ 34. Kh2 a5 35. Qb2+ Kg8 36. a3 g5 37. hxg5 h4 38. b4 Qg4 39. Qe5 axb4 40. Qb8+ Kh7 41. axb4 hxg3+ 42. Qxg3 Qxb4 43. Qe5 Qh4+ 44. Kg2 Qg4+ 45. Kf2 Qh4+ 46. Kf3 Qh3+ 47. Ke4 Qg2+ 48. Ke3 Qg1+ 49. Kf3 Qf1+ 50. Kg3 Kg6 51. Qf6+ Qxf6 52. gxf6 Kg5 53. Kf3 Kf5 54. Kg3 Ke6 55. Kf3 Kxf6 56. Kf4 Ke7 57. Ke5 f6+ 58. Kf5 Kf7 59. Kf4 Ke6 60. Ke4 Kd6 61. Kf5 Ke7 62. Kf4 Ke6 63. Ke4 f5+ 64. Kf4 Kf6 65. Kf3 Ke5 66. Ke3 f4+ 67. Kf3 Kf5 68. Kf2 Ke4 69. Ke2 f3+ 70. Kf2 Kf4 71. Kf1 Ke3 72. Ke1 Ke4 73. Kf2 Kf4 74. Kf1 Kg4 75. Kf2 Kf4 1/2-1/2


[Site "https://www.chess.com"]

[Event "Titled Tuesday Blitz June 20 Early 2023"]
[White "Pranav, V"]
[Black "Zhigalko, Sergei"]
[WhiteFideId "25060783"]
[BlackFideId "13502956"]
[WhiteElo "2533"]
[BlackElo "2626"]
[Result "1-0"]
[Round "8"]
[TimeControl "180+2"]
[Date "2023.06.20"]
[WhiteClock "0:00:05"]
[BlackClock "0:00:00"]
[Board "7"]

1. e4 c5 2. Nf3 Nc6 3. Bb5 Nf6 4. e5 Nd5 5. Bxc6 dxc6 6. d3 h6 7. O-O Bf5 8. Re1 Nc7 9. Nbd2 Ne6 10. Ne4 g5 11. h4 g4 12. Nh2 h5 13. Nf1 Bg7 14. Nfg3 Bg6 15. Ng5 Qd5 16. Nxe6 Qxe6 17. Bf4 O-O-O 18. Qe2 Rd5 19. Nf1 Rhd8 20. Nd2 Rd4 21. Bg3 b6 22. a4 Bh6 23. a5 Kb7 24. axb6 axb6 25. Nc4 b5 26. Na5+ Kb6 27. Ra3 c4 28. dxc4 Rd2 29. Qf1 Bxc2 30. Kh2 Bd3 31. Qg1 Rxb2 32. f4+ c5 33. cxb5 Bxb5 34. Rc1 Qd5 35. Rac3 Rc8 36. Nc4+ Bxc4 37. Rxc4 Rb5 38. Qe3 e6 39. Bf2 g3+ 40. Bxg3 Rg8 41. R1c2 Rg4 42. Ra4 Rb3 43. Rc3 Rb5 44. Rd3 Bxf4 45. Rxd5 Bxg3+ 46. Qxg3 Rxg3 47. Rd6+ Kc7 48. Kxg3 Rb4 49. Rxb4 cxb4 50. Rd4 f5 51. Rxb4 1-0


[Site "https://www.chess.com"]

[Event "Titled Tuesday Blitz June 20 Early 2023"]
[White "Jones, Gawain C B"]
[Black "Oparin, Grigoriy"]
[WhiteFideId "409561"]
[BlackFideId "24125890"]
[WhiteElo "2645"]
[BlackElo "2647"]
[Result "0-1"]
[Round "8"]
[TimeControl "180+2"]
[Date "2023.06.20"]
[WhiteClock "0:00:00"]
[BlackClock "0:01:13"]
[Board "8"]

1. Nf3 Nf6 2. g3 g6 3. b3 Bg7 4. Bb2 b6 5. Bg2 Bb7 6. O-O O-O 7. c4 c5 8. Nc3 d5 9. Nxd5 Nxd5 10. Bxg7 Kxg7 11. cxd5 Qxd5 12. d4 Na6 13. Nh4 Qd7 14. dxc5 Qxd1 15. Rfxd1 Bxg2 16. Nxg2 Nxc5 17. b4 Ne4 18. Rd7 Rfe8 19. Rc1 Nf6 20. Rdd1 Rec8 21. Nf4 e6 22. f3 g5 23. Nd3 a5 24. b5 Nd5 25. Kf2 Nc3 26. Rd2 Nxb5 27. Rb2 Rxc1 28. Nxc1 Rc8 29. Rxb5 Rxc1 30. Rxb6 Rc5 31. a4 Kf6 32. Ra6 h5 33. Ra7 Kg6 34. Ke3 f6 35. Kd4 Rd5+ 36. Kc3 Re5 37. e4 g4 38. fxg4 hxg4 39. Kd4 Rh5 40. Ra6 e5+ 41. Kd5 Rxh2 42. Rxa5 Rg2 43. Ra8 Rxg3 44. Ke6 Kg5 45. a5 Ra3 46. a6 g3 47. a7 Kf4 48. Kxf6 g2 49. Rg8 Rxa7 50. Rxg2 Ra6+ 51. Ke7 Kxe4 52. Re2+ Kf4 53. Rf2+ Ke3 54. Rh2 e4 0-1


[Site "https://www.chess.com"]

[Event "Titled Tuesday Blitz June 20 Early 2023"]
[White "Puranik, Abhimanyu"]
[Black "Lagarde, Maxime"]
[WhiteFideId "5061245"]
[BlackFideId "662399"]
[WhiteElo "2460"]
[BlackElo "2571"]
[Result "0-1"]
[Round "8"]
[TimeControl "180+2"]
[Date "2023.06.20"]
[WhiteClock "0:00:02"]
[BlackClock "0:00:37"]
[Board "9"]

1. Nf3 Nc6 2. d4 d6 3. e4 Nf6 4. Nc3 g6 5. h3 Bg7 6. Be3 O-O 7. Qd2 a6 8. Bh6 b5 9. Bxg7 Kxg7 10. Bd3 e5 11. Ne2 Nxd4 12. Nexd4 exd4 13. c3 Re8 14. O-O Bb7 15. cxd4 Nxe4 16. Qc2 Nf6 17. Nd2 Nd5 18. Be4 Nb4 19. Qb1 Bxe4 20. Nxe4 Qh4 21. Re1 Re6 22. a3 Nd5 23. Nc3 Nxc3 24. bxc3 Rae8 25. Rxe6 Rxe6 26. Qd3 Qe4 27. Qg3 Rf6 28. Kh2 Qc2 29. Kg1 Qb2 30. Re1 Qxa3 31. Re7 a5 32. Rxc7 Qc1+ 33. Kh2 b4 34. c4 a4 35. c5 dxc5 36. dxc5 b3 37. Qe5 b2 38. Rc6 Qf4+ 39. Qxf4 Rxf4 40. Rb6 a3 41. c6 Rc4 0-1


[Site "https://www.chess.com"]

[Event "Titled Tuesday Blitz June 20 Early 2023"]
[White "Kollars, Dmitrij"]
[Black "Nogerbek, Kazybek"]
[WhiteFideId "12909572"]
[BlackFideId "13710427"]
[WhiteElo "2584"]
[BlackElo "2498"]
[Result "1-0"]
[Round "8"]
[TimeControl "180+2"]
[Date "2023.06.20"]
[WhiteClock "0:00:06"]
[BlackClock "0:00:00"]
[Board "10"]

1. e4 e5 2. Nf3 Nc6 3. Bb5 a6 4. Ba4 Nf6 5. Nc3 Bd6 6. d3 h6 7. a3 b5 8. Bb3 Bc5 9. O-O d6 10. Nd5 O-O 11. c3 Ba7 12. Be3 Be6 13. h3 Bxd5 14. exd5 Ne7 15. Bxa7 Rxa7 16. d4 Ng6 17. Re1 Re8 18. Bc2 Nf4 19. dxe5 dxe5 20. Nxe5 Qxd5 21. Qxd5 N4xd5 22. Bb3 c5 23. c4 Rae7 24. Nd3 Rxe1+ 25. Rxe1 Rxe1+ 26. Nxe1 Nb6 27. cxb5 axb5 28. Kf1 Kf8 29. Ke2 Ke7 30. Nf3 g6 31. g3 Nfd7 32. Ke3 c4 33. Bc2 Kd6 34. Nd2 Nd5+ 35. Kd4 f5 36. a4 Nb4 37. Bb1 Nc6+ 38. Kc3 bxa4 39. Kxc4 Nf6 40. Kb5 Nd4+ 41. Kxa4 g5 42. b4 Nd5 43. Nc4+ Kc7 44. Bd3 f4 45. b5 Nc3+ 46. Kb4 Nd1 47. gxf4 gxf4 48. b6+ Kb8 49. f3 Nxf3 50. Be4 Nd4 51. Ne5 Ne3 52. Nd7+ Kc8 53. b7+ Kxd7 54. b8=Q f3 55. Qe5 Ndc2+ 56. Bxc2 1-0


[Site "https://www.chess.com"]

[Event "Titled Tuesday Blitz June 20 Early 2023"]
[White "Kramnik, Vladimir"]
[Black "Pap, Gyula"]
[WhiteFideId "4101588"]
[BlackFideId "725323"]
[WhiteElo "2703"]
[BlackElo "2519"]
[Result "1-0"]
[Round "8"]
[TimeControl "180+2"]
[Date "2023.06.20"]
[WhiteClock "0:00:04"]
[BlackClock "0:00:03"]
[Board "11"]

1. e4 e5 2. Nf3 Nc6 3. Bc4 Nf6 4. d3 d5 5. exd5 Nxd5 6. O-O Nb6 7. Bb5 Bd6 8. d4 e4 9. Re1 f5 10. Bg5 Qd7 11. c4 O-O 12. c5 exf3 13. cxd6 Qxd6 14. d5 Qg6 15. dxc6 bxc6 16. Qxf3 cxb5 17. Be7 Rf7 18. Nc3 Bd7 19. Bc5 Bc6 20. Qg3 Qxg3 21. hxg3 Re8 22. Rxe8+ Bxe8 23. b3 a6 24. Re1 Bc6 25. f3 h6 26. Kf2 Nd7 27. Re8+ Kh7 28. Bd4 Nc5 29. Re3 Nd7 30. Re6 Bb7 31. b4 Nf8 32. Re8 Nd7 33. a3 Nb6 34. Bxb6 cxb6 35. Ne2 Rc7 36. Nd4 Bd5 37. Nxf5 Rc2+ 38. Re2 Rc3 39. Re7 Kg6 40. g4 Kf6 41. Rxg7 Be6 42. Rb7 Bxf5 43. gxf5 Kxf5 44. Rxb6 Rxa3 45. Rxh6 Ra4 46. Rh5+ Kf6 47. Rh4 a5 48. Rf4+ Kg5 49. Rg4+ Kf6 50. bxa5 Rxa5 51. Rb4 Ke5 52. g4 Kd5 53. Kg3 Kc5 54. Rb1 b4 55. g5 Kc4 56. Kg4 b3 57. f4 Ra2 58. g6 Rg2+ 59. Kf5 b2 60. Kf6 Kd5 61. g7 Ke4 62. Rxb2 Rxb2 63. g8=Q Rf2 64. Qc4+ Ke3 65. Kf5 Rf3 66. Qe4+ Kf2 67. Qxf3+ Kxf3 68. Kg5 1-0


[Site "https://www.chess.com"]

[Event "Titled Tuesday Blitz June 20 Early 2023"]
[White "Eljanov, Pavel"]
[Black "Korobov, Anton"]
[WhiteFideId "14102951"]
[BlackFideId "14105730"]
[WhiteElo "2598"]
[BlackElo "2638"]
[Result "1-0"]
[Round "8"]
[TimeControl "180+2"]
[Date "2023.06.20"]
[WhiteClock "0:01:12"]
[BlackClock "0:00:00"]
[Board "12"]

1. d4 Nf6 2. c4 e6 3. Nc3 Bb4 4. e3 O-O 5. Bd3 d5 6. a3 Bxc3+ 7. bxc3 dxc4 8. Bxc4 c5 9. Nf3 Qc7 10. Be2 b6 11. O-O Bb7 12. Bb2 Nbd7 13. c4 Rfd8 14. Re1 Rac8 15. Bf1 cxd4 16. exd4 Ng4 17. g3 Nc5 18. Nd2 Nf6 19. dxc5 Qc6 20. f3 Qxc5+ 21. Kg2 Qg5 22. Bc3 Nh5 23. Re5 Qg6 24. Qb1 Nf4+ 25. Kg1 f5 26. Qe1 h5 27. Qe3 1-0


[Site "https://www.chess.com"]